 Dungeon Crawl Stone Soup version 0.31-a0-175-g9f7f995f2b (webtiles) character file.

Game seed: 17749874483190457275

45 qw the Shooter (level 3, 0/32 HPs)
             Began as a Naga Hunter on June 17, 2023.
             Slain by a gnoll
             ... wielding a +0 flail
              (13 damage)
             ... on level 2 of the Dungeon.
             The game lasted 00:00:17 (826 turns).

qw the Shooter (Naga Hunter)                         Turns: 826, Time: 00:00:17

Health: 0/32       AC:  2    Str: 13    XL:     3   Next: 64%
Magic:  3/3        EV:  9    Int:  9    God:
Gold:   51         SH:  0    Dex: 16    Spells: 2/2 levels left

rFire   . . .        Y - +1 shortbow
rCold   . . .        (shield currently unavailable)
rNeg    . . .        c - +0 leather armour
rPois   +            (no helmet)
rElec   .            (no cloak)
rCorr   .            (no gloves)
SInv    +            (no barding)
Will    .....        (no amulet)
Stlth   ++           (no ring)
HPRegen 0.25/turn    (no ring)
MPRegen 0.08/turn

%: no passive effects
@: short of breath, very slow
A: AC +1, large, see invisible, deformed body, poison resistance, slowness 2,
spit poison 1, naga tail 1
a: Spit Poison


You were on level 2 of the Dungeon.
You visited 1 branch of the dungeon, and saw 2 of its levels.

You collected 51 gold pieces.


Innate Abilities, Weirdness & Mutations

Your serpentine skin is tough. (AC +1)
You have supernaturally acute eyesight. (SInv)
Armour fits poorly on your strangely shaped body.
Your system is resistant to poisons. (rPois)
You cover ground very slowly.
You can spit poison.
You have a snake-like lower body.


   Skills:
 - Level 2.0 Fighting
 + Level 4.8 Ranged Weapons
 - Level 1.5 Dodging
 - Level 1.5 Stealth


You had 2 spell levels left.
You didn't know any spells.
Your spell library was empty.

Inventory:

Hand Weapons
 Y - a +1 shortbow (weapon)
Armour
 c - a +0 leather armour (worn)
Scrolls
 a - a scroll of acquirement {unknown}
 g - 2 scrolls of teleportation
Potions
 h - a potion of haste {unknown}

Dungeon Overview and Level Annotations

Branches:
Dungeon (2/15)

Altars:


Message History

You have got your breath back.
The gnoll shouts!
The gnoll moves out of view.
You shoot an arrow. The arrow barely misses the gnoll.
818 ||| INVOKING Spit Poison.
Aiming: Spit Poison (2% risk of failure)
Press: ? - help, Shift-Dir - straight line, f/p - gnoll The splash of poison hits the gnoll!
The gnoll is poisoned.
The gnoll is severely wounded.
You hear a shout!
A gnoll comes into view. It is wielding a +0 flail.
You shoot an arrow. The arrow barely misses the gnoll.
The gnoll shouts!
You shoot an arrow. The arrow barely misses the gnoll.
The gnoll shouts!
The gnoll hits you from afar with a +0 halberd!
You shoot an arrow. The arrow hits the gnoll.
The gnoll is severely wounded.
You have got your breath back.
The gnoll misses you.
822 ||| INVOKING Spit Poison.
Aiming: Spit Poison (2% risk of failure)
Press: ? - help, Shift-Dir - straight line, f/p - gnoll The splash of poison hits the gnoll but does no damage.
The gnoll looks even sicker.
The gnoll is almost dead.
You kill the gnoll!
You shoot an arrow. The arrow hits the gnoll.
The gnoll is moderately wounded.
You shoot an arrow. The arrow hits the gnoll.
The gnoll is severely wounded.
The gnoll hits you with a +0 flail!
A giant cockroach comes into view.
You shoot an arrow. The arrow hits the gnoll!
You kill the gnoll!
The gnoll closely misses you. The gnoll misses you.
You shoot an arrow. The arrow hits the gnoll!
The gnoll is heavily wounded.
The gnoll hits you with a +0 flail!
You die...

.......
.##########.....#
....<.....#.#.#.### .
##...####.#....... ..
#.###.###.#...#.###. ...
. ##.##.#............. .
#........####...... .#
##.##.##..####....##
#.###.###.##....@g......
#...## ...#.....)..##..
##.## ##.##>#.###).....
##..#####.##.#.# ....#.
..........##.#.# .#B..
##.######.##.... .. ..
#.# ###.. #. # #.# #..#
#. #.#


You could see a gnoll and a giant cockroach.

Vanquished Creatures
  An adder (D:2)
  2 gnolls (D:2)
  A worm (D:2)
  2 giant cockroaches
  3 goblins (D:1)
  A quokka (D:1)
  A bat (D:1)
  4 kobolds (D:1)
  3 rats (D:1)
18 creatures vanquished.

Notes
Turn   | Place    | Note
-------+----------+-------------------------------------------
     0 | D:1      | qw the Naga Hunter began the quest for the Orb.
     0 | D:1      | Reached XP level 1. HP: 19/19 MP: 1/1
     0 | D:1      | 0 ||| qw: Version: 0.3-a-2-g5ab2908
     0 | D:1      | 0 ||| qw: Game counter: 290
     0 | D:1      | 0 ||| qw: Always use a shield: true
     0 | D:1      | 0 ||| qw: God list: Okawaru
     0 | D:1      | 0 ||| qw: Allow faded altars: false
     0 | D:1      | 0 ||| qw: Do Orc after D:15 true
     0 | D:1      | 0 ||| qw: Do second Lair branch before Depths: true
     0 | D:1      | 0 ||| qw: Lair rune preference: random
     0 | D:1      | 0 ||| qw: Plans: Normal
     0 | D:1      | 0 ||| PLANNING D:1-11
    15 | D:1      | 15 ||| INVOKING Spit Poison.
    51 | D:1      | 51 ||| INVOKING Spit Poison.
    93 | D:1      | 93 ||| INVOKING Spit Poison.
   111 | D:1      | 111 ||| INVOKING Spit Poison.
   126 | D:1      | 126 ||| INVOKING Spit Poison.
   132 | D:1      | 132 ||| INVOKING Spit Poison.
   242 | D:1      | Reached skill level 4 in Ranged Weapons
   242 | D:1      | Reached XP level 2. HP: 26/26 MP: 2/2
   244 | D:1      | 244 ||| INVOKING Spit Poison.
   249 | D:1      | 249 ||| INVOKING Spit Poison.
   253 | D:1      | 253 ||| INVOKING Spit Poison.
   258 | D:1      | 258 ||| INVOKING Spit Poison.
   352 | D:1      | 352 ||| INVOKING Spit Poison.
   714 | D:1      | 714 ||| READING scroll labelled CUOGRE QOCZIG.
   715 | D:1      | 715 ||| READING scroll labelled ZYIZYJIZED.
   716 | D:1      | 716 ||| READING scroll labelled NUURCH ACKY.
   717 | D:1      | 717 ||| READING 3 scrolls labelled WULOCV QOUWN.
   721 | D:1      | 721 ||| DROPPING scroll of butterflies.
   734 | D:2      | 734 ||| INVOKING Spit Poison.
   742 | D:2      | 742 ||| INVOKING Spit Poison.
   748 | D:2      | 748 ||| INVOKING Spit Poison.
   805 | D:2      | 805 ||| INVOKING Spit Poison.
   811 | D:2      | 811 ||| INVOKING Spit Poison.
   812 | D:2      | Reached XP level 3. HP: 32/32 MP: 3/3
   818 | D:2      | 818 ||| INVOKING Spit Poison.
   822 | D:2      | 822 ||| INVOKING Spit Poison.
   826 | D:2      | Slain by a gnoll

Levels and vault maps discovered:
D:1:      grunt_arrival_crossed_arrows, layout_basic
D:2:      layout_loops_ring, minmay_misc_feat_ornament,
          hangedman_decor_peaks_small

Skill      XL: |  1 |
---------------+----+-----
Ranged Weapons | 4 |  4.8
Fighting       | |  2.0
Dodging        | |  1.5
Stealth        | |  1.5

Action                     || total
---------------------------++-------
   Fire: Shortbow          ||    46
Ability: Spit Poison       ||    18
    Use: Scroll            ||     4
 Armour: Leather armour    ||     4
  Dodge: Dodged            ||    13

Table legend:
 A = Non-vault XP
 B = Vault XP
 C = Vault XP percentage of total XP
 D = Non-vault monster count
 E = Vault monster count
 F = Vault count percentage of total count
                 A         B        C        D         E       F
            +---------+---------+-------+---------+---------+-------
      Total |      65 |       0 |   0.0 |      18 |       0 |   0.0
            +---------+---------+-------+---------+---------+-------
        D:1 |      18 |       0 |   0.0 |      13 |       0 |   0.0
        D:2 |      47 |       0 |   0.0 |       5 |       0 |   0.0
            +---------+---------+-------+---------+---------+-------
